 Dungeon Crawl Stone Soup version 0.30.0 (webtiles) character file.

Game seed: 45296084489901524

1 browni3141 the Sneak (level 1, 0/19 HPs)
             Began as an Armataur Delver on May 6, 2023.
             Slain by an adder (1 damage)
             ... on level 4 of the Dungeon.
             The game lasted 00:00:15 (166 turns).

browni3141 the Sneak (Armataur Delver)               Turns: 166, Time: 00:00:15

Health: 0/19       AC:  4    Str: 17    XL:     1   Next: 16%
Magic:  1/1        EV:  9    Int: 10    God:
Gold:   15         SH:  0    Dex: 11    Spells: 0/0 levels left

rFire   . . .        a - +0 short sword
rCold   . . .        (no shield)
rNeg    . . .        b - +0 leather armour
rPois   .            (no helmet)
rElec   .            (no cloak)
rCorr   .            (no gloves)
SInv    .            (no barding)
Will    .....        (no amulet)
Stlth   +++          (no ring)
HPRegen 0.23/turn    (no ring)
MPRegen 0.07/turn

%: roll
@: lethally poisoned (0 -> -3)
A: large, rugged brown scales 3, deformed body, armoured tail, roll, long
tongue, awkward tongue
a: no special abilities


You were on level 4 of the Dungeon.
You visited 1 branch of the dungeon, and saw 2 of its levels.

You collected 15 gold pieces.

Inventory:

Hand Weapons
 a - a +0 short sword (weapon)
Armour
 b - a +0 leather armour (worn)
Wands
 g - a wand of digging (3)
Scrolls
 d - a scroll of magic mapping
 e - a scroll of fear
 F - a scroll of fog
Potions
 h - a potion of haste


   Skills:
 + Level 2.8 Fighting
 - Level 1.7 Short Blades
 - Level 1.3 Dodging
 - Level 5.4 Stealth


You couldn't memorise any spells.
You didn't know any spells.
Your spell library contained the following spells:

 Spells                   Type           Power      Damage    Failure   Level
 Blink                    Tloc           0%         N/A       56%         2
 Lesser Beckoning         Tloc           0%         N/A       56%         2
 Momentum Strike          Conj/Tloc      0%         3d8       56%         2


Dungeon Overview and Level Annotations

Branches:
Dungeon (5/15)
 Temple: D:4-7

Altars:


Innate Abilities, Weirdness & Mutations

You are completely covered in rugged brown scales. (AC +3, +7% HP)
Armour fits poorly on your strangely shaped body.
You have a long armoured tail.
You roll when moving toward enemies. (Rampage)
Your long tongue fully drains potion bottles. (2x potion effects)
Your tongue gives you trouble enunciating. (1.5x scroll delay)


Message History

Welcome, browni3141 the Armataur Delver.
The Orb of Zot is coveted for many reasons.
Will you seize it for your own?
Press ? for a list of commands and other information.
Found a stone staircase leading down.
Setting a skill training target for Polearms at 14.0.
Setting a skill training target for Armour at 7.0.
Setting a skill training target for Shields at 5.0.
Setting a skill training target for Stealth at 2.0.
Setting a skill training target for Spellcasting at 3.0.
Setting a skill training target for Conjurations at 7.0.
Setting a skill training target for Summonings at 16.0.
Setting a skill training target for Necromancy at 10.0.
Setting a skill training target for Fire Magic at 6.0.
Setting a skill training target for Earth Magic at 10.0.
Setting a skill training target for Invocations at 14.0.
Setting a skill training target for Evocations at 10.0.
Setting a skill training target for Throwing at 2.0.
Found a stone staircase leading up.
There is a stone staircase leading up here.
You climb upwards.
There is a stone staircase leading down here.
You pick up a book of Spatial Translocations and begin reading...
You add the spells Blink, Momentum Strike and Lesser Beckoning to your library.
You see here a +0 scale mail.
Found a stone staircase leading down.
There is a stone staircase leading down here.
There is a stone staircase leading down here.
A ball python comes into view.
A ball python is nearby!
A ball python is nearby!
The ball python hisses angrily.
You see here 15 gold pieces.
You now have 15 gold pieces.
You roll towards the ball python!
You barely miss the ball python.
The ball python bites you but does no damage.
You hit the ball python. You tail-slap the ball python.
You kill the ball python!
Training target 2.0 for Stealth reached!
No target in view!
No target in view!
You see here a staff of conjuration.
An orc and an adder come into view.
There are monsters nearby!
There are monsters nearby!
You roll towards the orc!
The adder misses you.
The orc shouts!
You closely miss the adder. The orc closely misses you. The adder bites you.
You closely miss the orc. The adder barely misses you.
The orc hits you with a +0 flail! The adder bites you.
* * * LOW HITPOINT WARNING * * *
You are too injured to fight recklessly!
You hit the orc.
The orc is moderately wounded.
The orc barely misses you. The adder bites you but does no damage.
The adder attacks as you move away! The adder closely misses you.
You are too injured to fight recklessly!
You hit the adder but do no damage. The adder completely misses you.
The adder bites you.
* * * LOW HITPOINT WARNING * * *
You are lethally poisoned!
The adder poisons you!
You are too injured to fight recklessly!
You barely miss the adder.
* * * LOW HITPOINT WARNING * * *
You feel sick. The adder bites you but does no damage.
You are too injured to fight recklessly!
Unknown command.
Okay, then.
You are too injured to fight recklessly!
You hit the adder.
The adder is lightly wounded.
* * * LOW HITPOINT WARNING * * *
You feel sick. The adder barely misses you.
You hit the adder.
The adder is heavily wounded.
* * * LOW HITPOINT WARNING * * *
You feel sick. The adder completely misses you.
You miss the adder.
The adder is heavily wounded.
* * * LOW HITPOINT WARNING * * *
You feel sick. The adder bites you.
You die...

.# #.# ###
.######.#####.##
...............####.
.######.............#
## ######..#####.# #
# #..#####.#.## #
#.|##...).... #
#......?...# ####
#.###@##?### ...#
#.###S## ##.#
#.##.o.# ##.#
#........# ##.#
####...### ##.# ##.##
#.# #.# #.# #.# #.#
#.#


You could see an adder and an orc.

Vanquished Creatures
  A ball python (D:4)
1 creature vanquished.

Notes
Turn   | Place    | Note
-------+----------+-------------------------------------------
     0 | D:5      | browni3141 the Armataur Delver began the quest for the Orb.
     0 | D:5      | Reached XP level 1. HP: 19/19 MP: 1/1
   166 | D:4      | Slain by an adder

Illustrated notes

Levels and vault maps discovered:
D:4:      layout_loops_ring, general_overflow_altar, grunt_temple_overflow_open,
          chequers_avenue
D:5:      layout_cave_pools

Action                     || total
---------------------------++-------
  Melee: Short sword       ||    10
         Tailslap          ||     1
 Armour: Leather armour    ||     3
  Dodge: Dodged            ||     8
